 Dungeon Crawl Stone Soup version 0.30-a0-629-gd54f4be4f7 (webtiles) character file.

Game seed: 15506147802193376608

699 MackTheKnife2 the Shield-Bearer (level 8, 0/57 HPs)
             Began as a Meteoran Earth Elementalist on Jan 12, 2023.
             Succumbed to a water moccasin's poison
             ... on level 6 of the Dungeon.
             The game lasted 00:07:24 (2808 turns).

MackTheKnife2 the Shield-Bearer (MeEE)              Turns: 2808, Time: 00:07:25

Health: 0/57       AC:  2    Str: 10    XL:     8   Next: 18%
Magic:  6/13       EV: 12    Int: 18    God:
Gold:   221        SH:  0    Dex: 15    Spells: 9/13 levels left

rFire   . . .      SeeInvis .    j - +2 sling (freeze)
rCold   . . .      Faith    .    (no shield)
rNeg    . . .      Spirit   .    a - +0 robe
rPois   .          Reflect  .    (no helmet)
rElec   .          Harm     .    (no cloak)
rCorr   .          Rampage  .    (no gloves)
Will    +....                    (no boots)
Stlth   +                        (no amulet)
HPRegen 0.29/turn                (no ring)
MPRegen 0.13/turn                (no ring)

@: lethally poisoned (0 -> -2), glowing
A: sense surroundings 1, otherworldly, glowing, explore regen
a: no special abilities


You were on level 6 of the Dungeon.
You visited 1 branch of the dungeon, and saw 6 of its levels.

You collected 221 gold pieces.

Inventory:

Hand Weapons
 f - a +0 dagger
 j - a +2 sling of freezing (weapon)
Missiles
 d - 8 poisoned darts
Armour
 a - a +0 robe (worn)
 i - a +2 buckler
Wands
 v - a wand of digging (8)
Scrolls
 e - 3 scrolls of magic mapping {unknown}
 h - 4 scrolls of teleportation {unknown}
 k - 3 scrolls of fog {unknown}
 l - 2 scrolls of fear {unknown}
 m - 2 scrolls of poison
 o - a scroll of summoning {unknown}
 p - 2 scrolls of vulnerability {unknown}
 q - a scroll of amnesia {unknown}
 s - a scroll of brand weapon {unknown}
 u - a scroll of blinking {unknown}
Potions
 b - 2 potions of magic
 c - 2 potions of haste
 g - 2 potions of heal wounds
 n - 2 potions of curing
 r - 3 potions of mutation {unknown}
 t - a potion of ambrosia {unknown}
 w - a potion of resistance {unknown}


   Skills:
 - Level 2.4 Dodging
 - Level 1.4 Stealth
 + Level 7.7 Shields
 - Level 3.1 Spellcasting
 - Level 3.1 Conjurations
 - Level 1.2 Transmutations
 - Level 5.6 Earth Magic


You had 9 spell levels left.
You knew the following spells:

 Your Spells              Type           Power      Damage    Failure   Level
a - Sandblast             Erth           46%        2d11      1%          1
b - Stone Arrow           Conj/Erth      36%        3d9       9%          3

Your spell library contained the following spells:

 Spells                   Type           Power      Damage    Failure   Level
 Passwall                 Tmut/Erth      12%        N/A       6%          2
 Beastly Appendage        Tmut           14%        N/A       10%         1
 Wereblood                Tmut           7%         N/A       14%         2
 Apportation              Tloc           4%         N/A       16%         1
 Spider Form              Tmut/Pois      5%         N/A       36%         3
 Petrify                  Tmut/Erth      15%        N/A       36%         4
 Alistair's Intoxication  Tmut/Pois      3%         N/A       98%         5


Dungeon Overview and Level Annotations

Branches:
Dungeon (6/15) Zot: 707
 Temple: D:4-7

Altars:
Fedhas
Zin

Shops:
D:3 (

Annotations:
D:4 Pikel


Innate Abilities, Weirdness & Mutations

You passively map a small area around you.
You are easily found by Zot.
You glow in the dark.
You regain HP and MP as you explore.


Message History

You feel very sick. The water moccasin bites you.
You are lethally poisoned!
The water moccasin poisons you! The water moccasin barely misses you.
Fire: j) +2 sling (freeze)
Press: ? - help, Shift-Dir - straight line, f/p - water moccasin
Aim: a water moccasin (almost dead, 38% to hit)
You shoot a sling bullet.
The sling bullet hits the water moccasin!
The sling bullet freezes the water moccasin.
You kill the water moccasin!
* * * LOW HITPOINT WARNING * * *
You feel very sick.
* * * LOW HITPOINT WARNING * * *
You feel very sick.
Things that are here:
a water moccasin corpse; a hound corpse
* * * LOW HITPOINT WARNING * * *
You feel sick.
You see here a +0 dagger.
* * * LOW HITPOINT WARNING * * *
You feel very sick.
* * * LOW HITPOINT WARNING * * *
You feel sick.
* * * LOW HITPOINT WARNING * * *
You feel sick.
An ufetubus comes into view.
You feel sick.
The ufetubus shouts!
A wight comes into view. It is wielding a +4 short sword.
Found a scroll of identify.
You feel sick.
An iguana comes into view.
The wight moves out of view.
You feel sick. The ufetubus hits you.
* * * LOW HITPOINT WARNING * * *
The ufetubus hits you but does no damage.
The ufetubus attacks as you move away! The ufetubus hits you.
* * * LOW HITPOINT WARNING * * *
The ufetubus barely misses you.
You die...

* * , * *, * ,
,....* * ....*
,.....## , ,
,.....#. , * ,
,....... * * ,
,..#....########..#
* , *
#........@.......#
, * *
.####....5.###.# *
* , #####.>.##.# ,
#..†).#.#*.# , *
#.#####..#.. * ,
#.# ##.##z#*,,
**###.# .. ?# ,###
#...# *##.l# * #.#
##.### .. ,


You could see an ufetubus.

Vanquished Creatures
  2 water moccasins (D:6)
  A centaur (D:5)
  A lemure (D:4)
  A necrophage (D:5)
  A hound (D:6)
  A jelly (D:5)
  3 iguanas
  3 orc wizards (D:5)
  5 adders
  A worm (D:3)
  2 dart slugs
  19 orcs
  3 ball pythons
  3 bats
  3 endoplasms
  4 giant cockroaches
  7 goblins
  5 hobgoblins
  5 jackals
  4 kobolds
  2 quokkas (D:3)
  A frilled lizard (D:3)
  4 rats
81 creatures vanquished.

Notes
Turn   | Place    | Note
-------+----------+-------------------------------------------
     0 | D:1      | MackTheKnife2 the Meteoran Earth Elementalist began the
                  | quest for the Orb.
     0 | D:1      | Reached XP level 1. HP: 14/14 MP: 5/5
    72 | D:1      | Reached XP level 2. HP: 20/20 MP: 2/6
   267 | D:1      | Reached XP level 3. HP: 26/26 MP: 6/8
   275 | D:1      | Learned a level 3 spell: Stone Arrow
   724 | D:2      | Found a faded altar of an unknown god.
   741 | D:2      | Reached skill level 1 in Conjurations
   917 | D:3      | Reached XP level 4. HP: 14/33 MP: 7/9
   953 | D:3      | Found Paacs's Weapon Shop.
   983 | D:3      | Found a glowing silver altar of Zin.
  1029 | D:3      | Reached skill level 5 in Earth Magic
  1176 | D:3      | Found a blossoming altar of Fedhas.
  1579 | D:4      | Reached XP level 5. HP: 37/38 MP: 10/10
  1941 | D:4      | Reached skill level 1 in Shields
  1971 | D:4      | Noticed a lemure
  1972 | D:4      | Noticed Pikel
  1976 | D:4      | Killed a lemure
  1976 | D:4      | Noticed a lemure
  1979 | D:4      | Noticed a lemure
  2023 | D:5      | Entered Level 5 of the Dungeon
  2023 | D:5      | Noticed a necrophage
  2025 | D:5      | Killed a necrophage
  2026 | D:5      | Reached skill level 3 in Shields
  2026 | D:5      | Reached XP level 6. HP: 45/45 MP: 5/11
  2102 | D:5      | Noticed a centaur
  2104 | D:5      | Killed a centaur
  2105 | D:5      | Reached skill level 4 in Shields
  2196 | D:5      | Reached XP level 7. HP: 38/50 MP: 5/12
  2354 | D:5      | Reached skill level 5 in Shields
  2678 | D:5      | Reached skill level 6 in Shields
  2708 | D:6      | Noticed a water moccasin
  2712 | D:6      | Killed a water moccasin
  2778 | D:6      | Noticed a water moccasin
  2786 | D:6      | Reached skill level 7 in Shields
  2786 | D:6      | Reached XP level 8. HP: 51/57 MP: 3/13
  2808 | D:6      | HP: 1/57 [ufetubus (2)]
  2808 | D:6      | Succumbed to a water moccasin's poison

Illustrated notes

Levels and vault maps discovered:
D:1:      giann_horns, layout_loops_corners
D:2:      layout_basic, shapermc_ecumenical_altar_totnotflames
D:3:      layout_loops_ring, amcnicky_altar_gilded, fedhas_altar_4,
          serial_shops, shop, minmay_misc_feat_diagonals
D:4:      wander_river, layout_gridville, amethyst_overflow_temple_binary,
          uniq_pikel
D:5:      layout_loops_corners, bh_walls_and_bars
D:6:      layout_rooms, temple_fountains, minivault_4,
          nicolae_figureground_pulse

Skill      XL: |  1  2  3  4  5  6  7 |
---------------+----------------------+-----
Earth Magic    | 4 5 |  5.6
Spellcasting   | 3 |  3.1
Conjurations   | 1 2 3 |  3.1
Shields        | 3 4 7 |  7.7
Dodging        | |  2.4
Stealth        | |  1.4
Transmutations | |  1.2

Action                   |  1- 3 |  4- 6 |  7- 9 || total
-------------------------+-------+-------+-------++-------
Melee: Unarmed           |     3 |       |       ||     3
       Dagger            |     7 |       |       ||     7
 Fire: Sling             |    28 |    89 |    49 ||   166
 Cast: Sandblast         |    26 |       |       ||    26
       Stone Arrow       |       |    13 |    20 ||    33
  Use: Scroll            |     3 |       |     1 ||     4
Armor: Robe              |    12 |     5 |    12 ||    29
Dodge: Dodged            |    24 |    23 |    28 ||    75

Table legend: (Time is in decaauts)
 A = Elapsed time spent in this place.
 B = Non-inter-level travel time spent in this place.
 C = Inter-level travel time spent in this place.
 D = Time resting spent in this place.
 E = Time spent auto-exploring this place.
 F = Levels seen in this place.
 G = Mean time per level.
                   A        B        C        D        E       F      G
               +--------+--------+--------+--------+--------+-----+--------+
         Total |   2892 |   2719 |    173 |      0 |   1447 |   6 |  482.0 |
       Dungeon |   2892 |   2719 |    173 |      0 |   1447 |   6 |  482.0 |
               +--------+--------+--------+--------+--------+-----+--------+

Top non-repeatable levels by time:
     D:5: 699 daAuts
     D:4: 641 daAuts
     D:3: 553 daAuts
     D:1: 474 daAuts
     D:2: 419 daAuts
     D:6: 105 daAuts
